| TOP OF THE 1ST |
|
Wichita Aeros batting - Pitching for Oklahoma City 89ers : RHP Joe McIntosh
|
|
Pitching: RHP Joe McIntosh
|
|
|
Batting: LHB Jesus Ramos
|
0-0: Called Strike 0-1: Foul Ball, location: 2F 0-2: Ball 1-2: Ball 2-2: Fly out, F6 (Popup, 6D, EV 70.0 MPH)
|
|
Batting: SHB Gary Pettis
|
0-0: Ball 1-0: Ball 2-0: Called Strike 2-1: Fly out, F8 (Flyball, 8RD, EV 96.9 MPH)
|
|
Batting: RHB Cressy Pratt
|
0-0: Ball 1-0: Called Strike 1-1: Ground out 4-3 (Groundball, 4, EV 83.8 MPH)
|
| Top of the 1st over - 0 runs, 0 hits, 0 errors, 0 left on base; Wichita 0 - Oklahoma City 0 |
| BOTTOM OF THE 1ST |
|
Oklahoma City 89ers batting - Pitching for Wichita Aeros : RHP John Adams
|
|
Pitching: RHP John Adams
|
|
|
Batting: RHB James Glenn
|
0-0: Foul Ball, location: 2F 0-1: Ball 1-1: Foul Ball, location: 2F 1-2: Ball 2-2: SINGLE (Groundball, 4MD, EV 96.3 MPH)
|
|
Batting: RHB John Christensen
|
0-0: Ball 1-0: Ball 2-0: Foul Ball, location: 2F 2-1: Grounds into double play, 4-6-3 (Groundball, 34, EV 76.3 MPH)
|
|
Batting: RHB David Green
|
0-0: Ball 1-0: Fly out, F7 (Flyball, 7, EV 88.8 MPH)
|
| Bottom of the 1st over - 0 runs, 1 hit, 0 errors, 0 left on base; Wichita 0 - Oklahoma City 0 |
| TOP OF THE 2ND |
|
Wichita Aeros batting - Pitching for Oklahoma City 89ers : RHP Joe McIntosh
|
|
Batting: LHB Michael Barnes
|
0-0: Ball 1-0: Ball 2-0: Foul Ball, location: 2F 2-1: Foul Ball, location: 2F 2-2: Ball 3-2: Foul Ball, location: 2F 3-2: Hit by Pitch
|
|
Batting: RHB Dave Hoenstine
|
0-0: Foul Ball, location: 2F 0-1: Ball 1-1: Fly out, F8 (Flyball, 8RM, EV 75.0 MPH)
|
|
Batting: LHB Glenn Gulliver
|
0-0: Ball 1-0: Swinging Strike 1-1: Foul Ball, location: 2F 1-2: Strikes out swinging
|
|
Batting: LHB Angel Matos
|
0-0: Called Strike 0-1: Ball 1-1: Fly out, F3 (Popup, 34S, EV 76.9 MPH)
|
| Top of the 2nd over - 0 runs, 0 hits, 0 errors, 1 left on base; Wichita 0 - Oklahoma City 0 |
| BOTTOM OF THE 2ND |
|
Oklahoma City 89ers batting - Pitching for Wichita Aeros : RHP John Adams
|
|
Batting: RHB Cecil Fielder
|
0-0: Called Strike 0-1: Ball 1-1: Fly out, F6 (Popup, 6D, EV 42.5 MPH)
|
|
Batting: LHB Tom O'Malley
|
0-0: Called Strike 0-1: Fly out, F8 (Flyball, 89D, EV 98.8 MPH)
|
|
Batting: RHB Tim Tolman
|
0-0: Ball 1-0: Ball 2-0: Ball 3-0: Called Strike 3-1: SINGLE (Groundball, 4MD, EV 95.0 MPH)
|
|
Batting: RHB Nick Esasky
|
0-0: Ball Tim Tolman steals 2nd base 1-0: Called Strike 1-1: DOUBLE (Groundball, 5L, EV 95.6 MPH) Tim Tolman scores
|
|
Batting: RHB Robert Bailey
|
0-0: Swinging Strike 0-1: Foul Ball, location: 2F 0-2: Ball 1-2: Foul Ball, location: 2F 1-2: Strikes out swinging
|
| Bottom of the 2nd over - 1 run, 2 hits, 0 errors, 1 left on base; Wichita 0 - Oklahoma City 1 |
| TOP OF THE 3RD |
|
Wichita Aeros batting - Pitching for Oklahoma City 89ers : RHP Joe McIntosh
|
|
Batting: RHB Gary House
|
0-0: Called Strike 0-1: Foul Ball, location: 2F 0-2: Ball 1-2: Strikes out swinging
|
|
Batting: RHB Bill Hayes
|
0-0: Ball 1-0: Foul Ball, location: 2F 1-1: Ball 2-1: Ball 3-1: Called Strike 3-2: Foul Ball, location: 2F 3-2: Base on Balls
|
|
Batting: LHB Jesus Ramos
|
0-0: Swinging Strike Bill Hayes steals 2nd base 0-1: Ball 1-1: Swinging Strike 1-2: Strikes out swinging
|
|
Batting: SHB Gary Pettis
|
0-0: Ball 1-0: Foul Ball, location: 2F 1-1: Swinging Strike 1-2: Foul Ball, location: 2F 1-2: Strikes out looking
|
| Top of the 3rd over - 0 runs, 0 hits, 0 errors, 1 left on base; Wichita 0 - Oklahoma City 1 |
| BOTTOM OF THE 3RD |
|
Oklahoma City 89ers batting - Pitching for Wichita Aeros : RHP John Adams
|
|
Batting: RHB Danny Jasso
|
0-0: Called Strike 0-1: Foul Ball, location: 2F 0-2: Strikes out swinging
|
|
Batting: RHB James Glenn
|
0-0: Called Strike 0-1: Called Strike 0-2: Ball 1-2: Foul Ball, location: 2F 1-2: Ball 2-2: Ball 3-2: Foul Ball, location: 2F 3-2: Base on Balls
|
|
Batting: RHB John Christensen
|
0-0: Ball 1-0: Ball 2-0: Ball 3-0: Called Strike 3-1: Base on Balls James Glenn to second
|
|
Batting: RHB David Green
|
0-0: Fly out, F8 (Flyball, 8RXD, EV 98.1 MPH) Runner from 2nd tags up, SAFE at 3rd, no throw by CF
|
|
Batting: RHB Cecil Fielder
|
0-0: Ball 1-0: Called Strike 1-1: Ball 2-1: Ball 3-1: Called Strike 3-2: Ground out 6-3 (Groundball, 6MD, EV 94.4 MPH)
|
| Bottom of the 3rd over - 0 runs, 0 hits, 0 errors, 2 left on base; Wichita 0 - Oklahoma City 1 |
| TOP OF THE 4TH |
|
Wichita Aeros batting - Pitching for Oklahoma City 89ers : RHP Joe McIntosh
|
|
Batting: RHB Cressy Pratt
|
0-0: Foul Ball, location: 2F 0-1: Ball 1-1: Swinging Strike 1-2: Strikes out swinging
|
|
Batting: LHB Michael Barnes
|
0-0: Foul Ball, location: 2F 0-1: Ball 1-1: Called Strike 1-2: Ball 2-2: Strikes out swinging
|
|
Batting: RHB Dave Hoenstine
|
0-0: Ball 1-0: Foul Ball, location: 2F 1-1: Ball 2-1: Swinging Strike 2-2: Ball 3-2: Fly out, F8 (Line Drive, 8LM, EV 95.0 MPH)
|
| Top of the 4th over - 0 runs, 0 hits, 0 errors, 0 left on base; Wichita 0 - Oklahoma City 1 |
| BOTTOM OF THE 4TH |
|
Oklahoma City 89ers batting - Pitching for Wichita Aeros : RHP John Adams
|
|
Batting: LHB Tom O'Malley
|
0-0: Ball 1-0: Swinging Strike 1-1: TRIPLE (Flyball, 78XD, EV 88.1 MPH)
|
|
Batting: RHB Tim Tolman
|
0-0: Ball 1-0: Fly out, F8 (Line Drive, 8RM, EV 110.0 MPH) Runner from 3rd tags up, OUT at HOME! 8-2
|
|
Batting: RHB Nick Esasky
|
0-0: Ball 1-0: Foul Ball, location: 2F 1-1: Called Strike 1-2: Foul Ball, location: 2F 1-2: Strikes out looking
|
| Bottom of the 4th over - 0 runs, 1 hit, 0 errors, 0 left on base; Wichita 0 - Oklahoma City 1 |
| TOP OF THE 5TH |
|
Wichita Aeros batting - Pitching for Oklahoma City 89ers : RHP Joe McIntosh
|
|
Batting: LHB Glenn Gulliver
|
0-0: Foul Ball, location: 2F 0-1: Foul Ball, location: 2F 0-2: Ball 1-2: Ball 2-2: SINGLE (Line Drive, 5D, EV 110.0 MPH)
|
|
Batting: LHB Angel Matos
|
0-0: Ball 1-0: Sac Bunt to 13 - play at first, batter OUT! 1-4 Glenn Gulliver to second
|
|
Batting: RHB Gary House
|
0-0: Foul Ball, location: 2F 0-1: Ball 1-1: Ball 2-1: Foul Ball, location: 2F 2-2: Strikes out swinging
|
|
Batting: RHB Bill Hayes
|
0-0: Ball 1-0: Foul Ball, location: 2F 1-1: Called Strike 1-2: Strikes out swinging
|
| Top of the 5th over - 0 runs, 1 hit, 0 errors, 1 left on base; Wichita 0 - Oklahoma City 1 |
| BOTTOM OF THE 5TH |
|
Oklahoma City 89ers batting - Pitching for Wichita Aeros : RHP John Adams
|
|
Batting: RHB Robert Bailey
|
0-0: Ball 1-0: Ball 2-0: SINGLE (Groundball, 4MD, EV 104.4 MPH)
|
|
Batting: RHB Danny Jasso
|
0-0: Sac Bunt to 5S - play at first, batter OUT! 5-4 Robert Bailey to second
|
|
Batting: RHB James Glenn
|
0-0: Ball 1-0: Ball 2-0: Called Strike 2-1: Called Strike 2-2: Ball 3-2: Base on Balls
|
|
Batting: RHB John Christensen
|
0-0: Fly out, F7 (Flyball, 78M, EV 87.5 MPH)
|
|
Batting: RHB David Green
|
0-0: Called Strike 0-1: Foul Ball, location: 2F 0-2: Ball 1-2: SINGLE (Line Drive, 6D, EV 98.8 MPH) Robert Bailey to third James Glenn to second Runner from 3rd tries for Home, SAFE, throw by CF to home
|
|
Batting: RHB Cecil Fielder
|
0-0: Ball 1-0: Ball 2-0: Ball 3-0: Called Strike 3-1: Base on Balls James Glenn to third David Green to second
|
|
Batting: LHB Tom O'Malley
|
0-0: Fly out, F7 (Flyball, 7LS, EV 84.4 MPH)
|
| Bottom of the 5th over - 1 run, 2 hits, 0 errors, 3 left on base; Wichita 0 - Oklahoma City 2 |
| TOP OF THE 6TH |
|
Wichita Aeros batting - Pitching for Oklahoma City 89ers : RHP Joe McIntosh
|
|
Batting: LHB Jesus Ramos
|
0-0: Ball 1-0: Called Strike 1-1: Foul Ball, location: 2F 1-2: Foul Ball, location: 2F 1-2: Ground out U3 (Groundball, 3S, EV 73.8 MPH)
|
|
Batting: SHB Gary Pettis
|
0-0: Ground out 6-3 (Groundball, 6, EV 81.9 MPH)
|
|
Batting: RHB Cressy Pratt
|
0-0: Ball 1-0: Foul Ball, location: 2F 1-1: TRIPLE (Flyball, 89XD, EV 103.1 MPH)
|
|
Batting: LHB Michael Barnes
|
0-0: Ball 1-0: Ball 2-0: Called Strike 2-1: Ball 3-1: Base on Balls
|
|
Batting: RHB Dave Hoenstine
|
0-0: Foul Ball, location: 2F 0-1: Ball 1-1: Foul Ball, location: 2F 1-2: Ball 2-2: Foul Ball, location: 2F 2-2: SINGLE (Groundball, 34S, EV 86.9 MPH) (infield hit) Cressy Pratt scores Michael Barnes to second
|
|
Batting: LHB Glenn Gulliver
|
0-0: Fly out, F7 (Line Drive, 7, EV 84.4 MPH)
|
| Top of the 6th over - 1 run, 2 hits, 0 errors, 2 left on base; Wichita 1 - Oklahoma City 2 |
| BOTTOM OF THE 6TH |
|
Oklahoma City 89ers batting - Pitching for Wichita Aeros : RHP John Adams
|
|
Batting: RHB Tim Tolman
|
0-0: Swinging Strike 0-1: SINGLE (Line Drive, 4MD, EV 101.3 MPH)
|
|
Batting: RHB Nick Esasky
|
0-0: Ball 1-0: Ball 2-0: Ball 3-0: Called Strike 3-1: Foul Ball, location: 2F 3-2: Foul Ball, location: 2F 3-2: Strikes out looking
|
|
Batting: RHB Robert Bailey
|
0-0: Fly out, F9 (Flyball, 9, EV 83.1 MPH)
|
|
Batting: RHB Danny Jasso
|
0-0: Ball 1-0: Ground out 5-3 (Groundball, 15, EV 92.5 MPH)
|
| Bottom of the 6th over - 0 runs, 1 hit, 0 errors, 1 left on base; Wichita 1 - Oklahoma City 2 |
| TOP OF THE 7TH |
|
Wichita Aeros batting - Pitching for Oklahoma City 89ers : RHP Joe McIntosh
|
|
Batting: LHB Angel Matos
|
0-0: Ball 1-0: Swinging Strike 1-1: Fly out, F5 (Popup, 56, EV 80.6 MPH)
|
|
Batting: RHB Gary House
|
0-0: Ball 1-0: Ball 2-0: Foul Ball, location: 2F 2-1: Foul Ball, location: 2F 2-2: Strikes out swinging
|
|
Batting: RHB Bill Hayes
|
0-0: Ball 1-0: Called Strike 1-1: Ground out 5-3 (Groundball, 5, EV 88.8 MPH)
|
| Top of the 7th over - 0 runs, 0 hits, 0 errors, 0 left on base; Wichita 1 - Oklahoma City 2 |
| BOTTOM OF THE 7TH |
|
Oklahoma City 89ers batting - Pitching for Wichita Aeros : RHP John Adams
|
|
Batting: RHB James Glenn
|
0-0: Ball 1-0: Fly out, F7 (Flyball, 7D, EV 90.0 MPH)
|
|
Batting: RHB John Christensen
|
0-0: Called Strike 0-1: Ball 1-1: Foul Ball, location: 2F 1-2: Reached on error, E5 (Groundball, 56S, EV 86.9 MPH)
|
|
Batting: RHB David Green
|
0-0: Called Strike 0-1: Ground out 5-3 (Groundball, 5S, EV 80.6 MPH)
|
|
Batting: RHB Cecil Fielder
|
0-0: Ball 1-0: Ball 2-0: Called Strike 2-1: 2-RUN HOME RUN (Flyball, 7D, EV 98.8 MPH), Distance : 359 ft
|
|
Batting: LHB Tom O'Malley
|
0-0: Called Strike 0-1: Foul Ball, location: 2F 0-2: Foul Ball, location: 2F 0-2: Ball 1-2: Strikes out swinging
|
| Bottom of the 7th over - 2 runs, 1 hit, 1 error, 0 left on base; Wichita 1 - Oklahoma City 4 |
| TOP OF THE 8TH |
|
Wichita Aeros batting - Pitching for Oklahoma City 89ers : RHP Joe McIntosh
|
|
Pitching: RHP Bob Forsch
|
|
|
Now at 2B: Gregory Pastors
|
|
|
Now in CF: Ron Tingley
|
|
|
Batting: LHB Jesus Ramos
|
0-0: Ball 1-0: Foul Ball, location: 2F 1-1: Swinging Strike 1-2: Foul Ball, location: 2F 1-2: Ball 2-2: Ball 3-2: Ground out 6-3 (Groundball, 6, EV 87.5 MPH)
|
|
Batting: SHB Gary Pettis
|
0-0: Foul Ball, location: 2F 0-1: Swinging Strike 0-2: Ball 1-2: Ball 2-2: Ball 3-2: Base on Balls
|
|
Batting: RHB Cressy Pratt
|
0-0: Ball 1-0: Ball 2-0: Ball 3-0: Called Strike 3-1: Fielders Choice at 2nd, 6-4 (Groundball, 6, EV 85.0 MPH)
|
|
Batting: LHB Michael Barnes
|
0-0: Ball 1-0: Ground out U3 (Groundball, 34, EV 92.5 MPH)
|
| Top of the 8th over - 0 runs, 0 hits, 0 errors, 1 left on base; Wichita 1 - Oklahoma City 4 |
| BOTTOM OF THE 8TH |
|
Oklahoma City 89ers batting - Pitching for Wichita Aeros : RHP John Adams
|
|
Batting: RHB Tim Tolman
|
0-0: Ball 1-0: Foul Ball, location: 2F 1-1: Foul Ball, location: 2F 1-2: Ball 2-2: Foul Ball, location: 2F 2-2: SINGLE (Groundball, 56D, EV 98.8 MPH)
|
|
Batting: RHB Nick Esasky
|
0-0: Fly out, F9 (Line Drive, 9, EV 94.4 MPH)
|
|
Batting: RHB Robert Bailey
|
0-0: Ball 1-0: Ball 2-0: SINGLE (Groundball, 4D, EV 98.8 MPH) Tim Tolman to second Runner from 2nd tries for 3rd, SAFE, no throw by CF
|
|
Batting: RHB Danny Jasso
|
0-0: Ball 1-0: Ball 2-0: Swinging Strike 2-1: Ball 3-1: SINGLE (Groundball, 56D, EV 103.8 MPH) Tim Tolman scores Robert Bailey to second
|
|
Pitching: RHP Michael Britt
|
|
|
Batting: RHB James Glenn
|
0-0: Called Strike 0-1: Ball 1-1: Ball 2-1: Foul Ball, location: 2F 2-2: Foul Ball, location: 2F 2-2: Foul Ball, location: 2F 2-2: SINGLE (Flyball, 8LS, EV 93.1 MPH) Robert Bailey to third Danny Jasso to second Runner from 3rd tries for Home, SAFE, throw by CF to home
|
|
Batting: RHB John Christensen
|
0-0: Ball 1-0: Ball 2-0: Ball 3-0: Base on Balls Danny Jasso to third James Glenn to second
|
|
Batting: RHB David Green
|
0-0: Fly out, F6 (Popup, P, EV 82.5 MPH)
|
|
Batting: RHB Ron Tingley
|
0-0: Ball 1-0: Ball 2-0: Called Strike 2-1: SINGLE (Line Drive, 89S, EV 105.0 MPH) Danny Jasso scores James Glenn to third John Christensen to second Runner from 3rd tries for Home, SAFE, throw by RF to home
|
|
Batting: RHB Gregory Pastors
|
0-0: Fielders Choice at 2nd, U4 (Groundball, 4M, EV 101.9 MPH)
|
| Bottom of the 8th over - 4 runs, 5 hits, 0 errors, 2 left on base; Wichita 1 - Oklahoma City 8 |
| TOP OF THE 9TH |
|
Wichita Aeros batting - Pitching for Oklahoma City 89ers : RHP Bob Forsch
|
|
Batting: RHB Dave Hoenstine
|
0-0: Ball 1-0: Called Strike 1-1: Reached on error, E3 (Groundball, 34, EV 99.4 MPH)
|
|
Pinch Hitting: RHB Victor Mabee
|
0-0: Foul Ball, location: 2F 0-1: Foul Ball, location: 2F 0-2: Ball 1-2: Ball 2-2: Fielders Choice at 2nd, 6-4 (Groundball, 6, EV 105.0 MPH)
|
|
Pinch Hitting: LHB Mike McCain
|
0-0: Ball 1-0: Foul Ball, location: 2F 1-1: Swinging Strike 1-2: Hit by Pitch Victor Mabee to second
|
|
Pinch Runner at 1st Jim F Weaver:
|
|
|
Pinch Hitting: LHB Robert Markham
|
0-0: Ball 1-0: Ball 2-0: Called Strike 2-1: Foul Ball, location: 2F 2-2: Foul Ball, location: 2F 2-2: Fielders Choice at 2nd, 3-6 (Groundball, 34, EV 97.5 MPH) Victor Mabee to third
|
|
Batting: RHB Bill Hayes
|
0-0: Ball 1-0: Ball 2-0: Fly out, F8 (Flyball, 8RD, EV 81.3 MPH)
|
| Top of the 9th over - 0 runs, 0 hits, 1 error, 2 left on base; Wichita 1 - Oklahoma City 8 |
|